 Dungeon Crawl Stone Soup version 0.26-a0-858-gbf766624f9 (webtiles) character file.

Game seed: 2244163379862006125

2 dickylongcocking the Sneak (level 1, 0/16 HPs)
             Began as an Octopode Delver on Nov 25, 2020.
             Slain by an orc
             ... wielding a +0 dagger
              (3 damage)
             ... on level 4 of the Dungeon.
             The game lasted 00:00:21 (39 turns).

dickylongcocking the Sneak (Octopode Delver)          Turns: 39, Time: 00:00:21

Health: 0/16       AC:  1    Str: 11    XL:     1   Next: 30%
Magic:  1/1        EV: 13    Int: 12    God:
Gold:   0          SH:  0    Dex: 13    Spells: 0/0 levels left

rFire    . . .     SeeInvis .   a - +0 short sword
rCold    . . .     Faith    .   (no shield)
rNeg     . . .     Spirit   .   (helmet restricted)
rPois    .         Reflect  .   (no amulet)
rElec    .         Harm     .   (no ring)
rCorr    .         Rampage  .   (no ring)
MR       .....                  (no ring)
Stlth    ++++......             (no ring)
HPRegen  0.05/turn              (no ring)
MPRegen  0.07/turn              (no ring)
                                (no ring)
                                (no ring)

@: no status effects
A: almost no armour, stealthy swim, amphibious, 8 rings, constrict 8, camouflage
1, gelatinous body 1
a: no special abilities


You were on level 4 of the Dungeon.
You visited 1 branch of the dungeon, and saw 2 of its levels.

Inventory:

Hand Weapons
 a - a +0 short sword (weapon)
Wands
 f - a wand of digging (3)
Scrolls
 b - a scroll of fog
Potions
 e - a potion of haste


   Skills:
 - Level 3.0 Fighting
 * Level 2.2 Short Blades
 - Level 2.0 Dodging
 - Level 6.6 Stealth


You couldn't memorise any spells.
You didn't know any spells.
Your spell library was empty.

Dungeon Overview and Level Annotations

Branches:
Dungeon (5/15)
 Temple: D:4-7

Altars:


Innate Abilities, Weirdness & Mutations

You cannot wear most types of armour.
You are very stealthy in the water. (Stealth+)
You are amphibious.
You can wear up to eight rings at the same time.
You can use your tentacles to constrict eight enemies at once.
Your skin changes colour to match your surroundings (Stealth+).
Your rubbery body absorbs attacks. (AC +1, EV +1)


Message History

As you read the scroll of fear, it crumbles to dust.
You assume a fearsome visage.
The orc wizard looks frightened!
The orc looks frightened!
The orc wizard casts a spell.
The orc wizard flickers and vanishes!
Deactivating autopickup; reactivate with Ctrl-A.
Unknown command.
You see here a +0 dagger.
Unknown command.
Found 9 gold pieces.
You barely miss something. The orc hits you with a +0 dagger.
You see here a robe.
Something hits you.
* * * LOW HITPOINT WARNING * * *
Found a hunting sling.
You hit something but do no damage. You squeeze something.
You hear some strange, mumbled words.
Something tries to affect you, but you resist.
The orc hits you with a +0 dagger.
You die...

**,,,,,,,,,,+,,,,,,,,,,,,,,,,,,,,
*,,,,,,,,,,,#......,,,,,*******,*
,,,,****,,**#.....,,,,,,* *,*
,,,** **,* #.....,,,,,,* *,* ,,**
***.###.....,,,,,,* *,* ***
*,,....$...#******* *,*
*,,........# *,* *,,.......{#
*****+* *,,.......@# *,,,,,,
*,,)#....oo# *,,,,,, ****#......#
*,,,,,, #.....[# *,,,,,, #......#
*,,,,,, #......# *,,,,,, #.(....#
*,,,,,, **********#......#
*,,,,,, ,,,,,,,,,,#......#
*,,,^,,


You could see 2 orcs.

Vanquished Creatures
  An orc (D:4)
1 creature vanquished.

Notes
Turn   | Place    | Note
-------+----------+-------------------------------------------
     0 | D:5      | dickylongcocking the Octopode Delver began the quest for
                  | the Orb.
     0 | D:5      | Reached XP level 1. HP: 16/16 MP: 1/1
    16 | D:4      | Noticed an orc wizard
    39 | D:4      | Slain by an orc

Illustrated notes

Levels and vault maps discovered:
D:4:      layout_basic, portal_sewer_entry_e, minmay_bent
D:5:      layout_basic, serial_shops, shop, uniq_blork_the_orc, uniq_grinder,
          uniq_prince_ribbit1, uniq_duvessa

Action                   || total
-------------------------++-------
Melee: Short sword       ||     6
       Constrict         ||     1
       Tentacles         ||     1
  Use: Scroll            ||     2
Dodge: Dodged            ||     4

Table legend: (Time is in decaauts)
 A = Elapsed time spent in this place.
 B = Non-inter-level travel time spent in this place.
 C = Inter-level travel time spent in this place.
 D = Time resting spent in this place.
 E = Time spent auto-exploring this place.
 F = Levels seen in this place.
 G = Mean time per level.
                   A        B        C        D        E       F      G
               +--------+--------+--------+--------+--------+-----+--------+
         Total |     38 |     38 |      0 |      0 |      1 |   2 |   19.0 |
       Dungeon |     38 |     38 |      0 |      0 |      1 |   2 |   19.0 |
               +--------+--------+--------+--------+--------+-----+--------+

Top non-repeatable levels by time:
     D:4: 29 daAuts
     D:5: 9 daAuts
